 Dungeon Crawl Stone Soup version 0.29.1-15-g9cfb28693d (webtiles) character file.

Game seed: 5295163616384339136

23950 LustLizard the Grappler (level 12, -8/184 HPs)
             Began as a Troll Fighter on Mar 14, 2023.
             Was an Elder of Wu Jian.
             Mangled by a death yak (16 damage)
             ... in a Gauntlet.
             The game lasted 00:32:17 (13387 turns).

LustLizard the Grappler (Troll Fighter)            Turns: 13387, Time: 00:32:18

Health: -8/184     AC:  9    Str: 33    XL:     12   Next: 76%
Magic:  0/11       EV: 13    Int:  8    God:    Wu Jian [****..]
Gold:   840        SH: 10    Dex:  9    Spells: 11/11 levels left

rFire   . . .      SeeInvis .     - Unarmed
rCold   . . .      Faith    .   b - +0 kite shield
rNeg    . . .      Spirit   +   Q - +0 swamp dragon scales
rPois   +          Reflect  .   (helmet restricted)
rElec   .          Harm     .   k - scarf {shadows}
rCorr   .          Rampage  .   (gloves unavailable)
Will    .....      NoTele   +   (boots unavailable)
Stlth   ..........              N - amulet of guardian spirit
HPRegen 1.20/turn               p - +4 ring of evasion
MPRegen 0.12/turn               F - +6 ring of strength

@: berserking, very quick
A: large, unfitting armour, claws 3, regeneration 1, shaggy fur 1, tough skin 1
a: Renounce Religion, Wall Jump, Serpent's Lash


You were in a Gauntlet.
You worshipped Wu Jian.
Wu Jian was greatly pleased with you.
You visited 3 branches of the dungeon, and saw 14 of its levels.
You also visited: Gauntlet and Volcano.

You collected 840 gold pieces.

Inventory:

Hand Weapons
 n - the +10 whip "Ykuon" {pain, rN+ Will+}
   (You found it on level 2 of the Dungeon)

   In the hands of one skilled in necromantic magic, it inflicts extra damage on
   living creatures.
   rN:        It protects you from negative energy.
   Will:      It increases your willpower.
 M - a +3 war axe of freezing
Missiles
 d - 28 poisoned darts (quivered)
 L - a throwing net
Armour
 b - a +0 kite shield (worn)
 k - a scarf of shadows (worn)
 J - a +2 robe of positive energy
 O - a +2 robe of willpower
 Q - +0 swamp dragon scales (worn)
Jewellery
 l - the ring "Mun Gir" {rF+ rCorr Dex+2}
   (You found it in a Gauntlet)

   [ring of resist corrosion]

   Dex:       It affects your dexterity (+2).
   rF:        It protects you from fire.
   rCorr:     It protects you from acid and corrosion.
 p - a +4 ring of evasion (left claw)
 w - a ring of protection from cold
 A - a ring of protection from fire
 F - a +6 ring of strength (right claw)
 N - an amulet of guardian spirit (around neck)
Wands
 x - a wand of light (7)
 S - a wand of charming (4)
 V - a wand of iceblast (4)
Scrolls
 a - 2 scrolls of poison {unknown}
 f - 3 scrolls of immolation
 g - 4 scrolls of amnesia
 h - 2 scrolls of teleportation
 m - 2 scrolls of fear {unknown}
 o - 2 scrolls of magic mapping {unknown}
 r - 2 scrolls of blinking
 u - 2 scrolls of enchant weapon
 y - a scroll of enchant armour {unknown}
 D - 2 scrolls of silence {unknown}
 G - a scroll of summoning {unknown}
 K - 2 scrolls of torment {unknown}
 P - 2 scrolls of butterflies {unknown}
Potions
 c - 2 potions of might
 e - 5 potions of curing
 i - 2 potions of resistance
 j - 2 potions of berserk rage
 q - a potion of magic {unknown}
 s - a potion of invisibility {unknown}
 v - 2 potions of flight {unknown}
 z - 2 potions of lignification
 B - 3 potions of brilliance
 C - a potion of ambrosia {unknown}
 E - a potion of haste {unknown}
 H - 5 potions of heal wounds
 I - 2 potions of cancellation {unknown}
 U - 2 potions of mutation {unknown}
Miscellaneous
 T - a tin of tremorstones (2/2)


   Skills:
 + Level 9.0 Fighting
 + Level 7.0 Dodging
 + Level 9.8 Shields
 * Level 14.5 Unarmed Combat


You had 11 spell levels left.
You didn't know any spells.
Your spell library contained the following spells:

 Spells                   Type           Power      Damage    Failure   Level
 Poisonous Vapours        Pois/Air       0%         N/A       86%         2
 Corpse Rot               Necr/Pois/Air  0%         N/A       100%        4
 Fulminant Prism          Conj/Hex       0%         3d6       100%        4
 Iskenderun's Mystic Bla  Conj/Tloc      0%         2d3       100%        4
 Lee's Rapid Deconstruct  Erth           0%         3d5*      100%        5


Dungeon Overview and Level Annotations

Branches:
Dungeon (11/15)            Temple (1/1) D:6            Lair (2/5) D:8
    Orc (0/2) D:10        Volcano (visited)         Gauntlet (1/1)
  Swamp: Lair:2-3    Shoals: Lair:2-3     Snake: Lair:2-3    Spider: Lair:2-3

Altars:
Ashenzari
Cheibriados
Dithmenos
Elyvilon
Fedhas
Gozag
Hepliaklqana
Kikubaaqudgha
Makhleb
Nemelex Xobeh
Okawaru
Qazlal
Ru
Sif Muna
Uskayaw
Vehumet
Wu Jian
Xom
Yredelemnul
Zin
The Shining One

Shops:
D:1 =   D:4 =!

Annotations:
Gauntlet 11 transporters, 1 runed translucent door


Innate Abilities, Weirdness & Mutations

You are too large for most types of armour.
You have claws for hands.
Your natural rate of healing is unusually fast.
You are covered in fur. (AC +1)
You have tough skin. (AC +1)


Message History

The death yak gores you!
* * * LOW HITPOINT WARNING * * *
You mangle the death yak!!
You kill the death yak!
The Council accepts your kill.
Your Fighting skill increases to level 9!
Your Dodging skill increases to level 7!
Unknown command.
You spin and attack the death yak.
You claw the death yak!
The death yak is severely wounded.
You spin and attack the death yak repeatedly.
You claw the death yak!
The death yak is heavily wounded.
You scratch the death yak.
The death yak is heavily wounded.
The death yak fails to trigger a net trap.
There is a transporter landing site, spattered with blood here.
You lunge at the death yak.
You eviscerate the death yak!!!
The death yak is almost dead.
You spin and attack the death yak repeatedly.
You claw the death yak!
The death yak is almost dead.
You claw the death yak!
You kill the death yak!
The Council accepts your kill.
You spin and attack the death yak.
You mangle the death yak!!
The death yak is almost dead.
You block the death yak's attack. The death yak gores you!
* * * LOW HITPOINT WARNING * * *
You see here a torpor snail corpse.
You are too berserk!
Unknown command.
You spin and attack the death yak.
You scratch the death yak but do no damage.
You see here a death yak corpse.
Unknown command.
You mangle the death yak!!
The death yak is moderately wounded.
The death yak gores you!
You die...

..#.#.©...#.##x#g#.##.#...©?[.#..
§.#############################..
#...#.©.........©.........©.#...#
≈...#...........©...........#...≈
##..#########################..##
#≈.........#........§#.........≈#
###...§....#§#.....#.#........###
#≈#§#§#..#..#####w.#..#≈#≈#≈#
#######.§#..##@##..#..#######
#≈..#....YY...#..≈#
#######..#..##Y##..#..#######
#≈#≈#≈#..#.^#####^.#..#≈#§#≈#
###...§....#.#.....#^#....§...###
#§.........#...!©?[..#.........≈#
##..#########################..##
≈...#...........©...........#...≈
#...#.©.........©.........©.#...#


You could see 3 death yaks.

Vanquished Creatures
  A boulder beetle (D:11)
  4 two-headed ogres
  3 death yaks (Gauntlet)
  A tengu warrior (D:9)
  A lindwurm (Lair:2)
  Pikel (D:7)
  2 cyclopes (D:11)
  2 black mambas (Lair:1)
  2 torpor snails (Gauntlet)
  A molten gargoyle (Volcano)
  A gargoyle (Volcano)
  3 cane toads (Lair:1)
  Maggie (D:9)
  A komodo dragon (D:11)
  A kobold demonologist (D:11)
  A troll (D:10)
  A polar bear (Lair:2)
  Grinder (D:4)
  Prince Ribbit (D:5)
  7 wyverns
  Sigmund (D:4)
  2 shadows
  2 vampires
  2 wraiths
  2 fire elementals (Volcano)
  24 yaks
  2 basilisks (Lair:1)
  3 steam dragons
  4 vampire mosquitoes (D:10)
  7 water moccasins
  3 orc warriors
  3 black bears
  An ogre (D:6)
  11 wolves
  3 centaurs
  A lemure (D:7)
  A phantom (D:7)
  4 kobold brigands
  8 bullfrogs
  3 necrophages
  A scorpion (D:8)
  A gnoll sergeant (D:6)
  16 wights
  6 killer bees
  5 howler monkeys (D:8)
  A gnoll bouda (D:9)
  2 hounds
  2 jellies
  3 orc priests
  4 iguanas
  6 orc wizards
  23 gnolls
  8 adders
  3 shadow imps
  A white imp (D:6)
  2 worms
  6 dart slugs
  19 orcs
  9 endoplasms
  4 giant cockroaches
  12 goblins
  4 hobgoblins
  3 jackals (D:2)
  3 quokkas
  4 ball pythons
  13 bats
  4 frilled lizards
  17 kobolds
  11 rats
316 creatures vanquished.

Vanquished Creatures (others)
  A human (D:9)
  4 bushes (D:8)
  8 fungi
  25 plants
38 creatures vanquished.

Grand Total: 354 creatures vanquished

Notes
Turn   | Place    | Note
-------+----------+-------------------------------------------
     0 | D:1      | LustLizard the Troll Fighter began the quest for the Orb.
     0 | D:1      | Reached XP level 1. HP: 22/22 MP: 0/0
   206 | D:1      | Reached XP level 2. HP: 29/29 MP: 1/1
   289 | D:1      | Found Senaaquf's Jewellery Boutique.
   463 | D:1      | Reached XP level 3. HP: 35/36 MP: 2/2
   920 | D:2      | Reached skill level 3 in Unarmed Combat
  1049 | D:2      | Reached XP level 4. HP: 42/44 MP: 3/3
  1413 | D:2      | Reached skill level 4 in Unarmed Combat
  1413 | D:2      | Reached XP level 5. HP: 37/53 MP: 4/4
  1708 | D:2      | Identified the +10 whip "Ykuon" {pain, rN+ Will+}
  2417 | D:3      | Found an iron altar of Okawaru.
  2450 | D:3      | Found a faded altar of an unknown god.
  2484 | D:3      | You fall into a shaft and drop 1 floor!
  2546 | D:4      | Reached XP level 6. HP: 61/61 MP: 5/5
  2604 | D:4      | Found Tasemar's Jewellery Boutique.
  2834 | D:4      | Reached skill level 5 in Unarmed Combat
  2866 | D:4      | Noticed Grinder
  2877 | D:4      | Paralysed by Grinder for 2 turns
  2883 | D:4      | Killed Grinder
  2884 | D:4      | Reached XP level 7. HP: 31/68 MP: 6/6
  3034 | D:4      | Noticed Sigmund
  3170 | D:4      | Found Cetsix's Distillery.
  3380 | D:5      | Entered Level 5 of the Dungeon
  3412 | D:5      | Found a faded altar of an unknown god.
  3603 | D:5      | Noticed Prince Ribbit
  3619 | D:5      | Killed Prince Ribbit
  3620 | D:5      | Reached skill level 6 in Unarmed Combat
  3880 | D:5      | Found a white marble altar of Elyvilon.
  4401 | D:6      | Found a staircase to the Ecumenical Temple.
  4425 | D:6      | Reached skill level 5 in Shields
  4425 | D:6      | Reached XP level 8. HP: 64/79 MP: 7/7
  4432 | Temple   | Entered the Ecumenical Temple
  4504 | Temple   | Became a worshipper of the Wu Jian Council
  4574 | D:6      | Reached skill level 7 in Unarmed Combat
  4980 | D:6      | Reached skill level 5 in Fighting
  5338 | D:7      | Noticed Pikel
  5436 | D:7      | Reached skill level 8 in Unarmed Combat
  5799 | D:7      | Reached XP level 9. HP: 75/88 MP: 8/8
  5811 | D:7      | HP: 2/88 [Pikel/+1 whip of flaming (4)]
  5814 | D:7      | Killed Pikel
  5815 | D:7      | Reached skill level 9 in Unarmed Combat
  6444 | D:3      | Found a shadowy altar of Dithmenos.
  6492 | D:3      | Reached * piety under Wu Jian
  6597 | D:3      | Found a stormy altar of Qazlal.
  6597 | D:3      | Found a glowing silver altar of Zin.
  6597 | D:3      | Found a shimmering altar of Xom.
  6868 | D:4      | Killed Sigmund
  7091 | D:8      | Reached skill level 10 in Unarmed Combat
  7551 | D:8      | Found a broken altar of Ashenzari.
  7554 | D:8      | Identified the +1 leather armour of Vabiafoh {rPois Regen+
                  | Dex+2}
  7559 | D:8      | Reached XP level 10. HP: 79/100 MP: 9/9
  7730 | D:8      | Reached ** piety under Wu Jian
  7927 | D:8      | Noticed a two-headed ogre
  8006 | D:8      | Reached skill level 11 in Unarmed Combat
  8041 | D:8      | Found a staircase to the Lair.
  8733 | D:9      | Found an ancient bone altar of Kikubaaqudgha.
  9167 | D:9      | Noticed a two-headed ogre
  9173 | D:9      | Killed a two-headed ogre
  9176 | D:9      | Reached *** piety under Wu Jian
  9182 | D:9      | Noticed Maggie
  9192 | D:9      | Killed Maggie
  9434 | D:9      | Reached XP level 11. HP: 109/109 MP: 10/10
  9897 | D:9      | Noticed a two-headed ogre
  9907 | D:9      | Noticed a tengu warrior
  9916 | D:9      | Killed a tengu warrior
  9917 | D:9      | Reached skill level 12 in Unarmed Combat
  9957 | D:9      | Noticed a brown ugly thing
  9958 | D:9      | Killed a two-headed ogre
  9959 | D:9      | Reached skill level 5 in Dodging
 10038 | D:10     | Entered Level 10 of the Dungeon
 10235 | D:10     | Found a staircase to the Orcish Mines.
 10485 | D:10     | Noticed a two-headed ogre
 10494 | D:10     | Killed a two-headed ogre
 11081 | D:11     | Noticed a boulder beetle
 11105 | D:11     | Killed a boulder beetle
 11255 | D:11     | Reached **** piety under Wu Jian
 11284 | D:11     | Noticed a two-headed ogre
 11292 | D:11     | Killed a two-headed ogre
 11415 | D:11     | Reached skill level 13 in Unarmed Combat
 11848 | Lair:1   | Entered Level 1 of the Lair of Beasts
 11984 | Lair:1   | Reached XP level 12. HP: 88/120 MP: 7/11
 12003 | Lair:1   | Found a dark tunnel.
 12049 | Volcano  | Entered a volcano
 12334 | Lair:1   | Found a shimmering blue altar of Sif Muna.
 12532 | Lair:1   | Noticed a six-headed hydra
 12880 | Lair:2   | Reached skill level 14 in Unarmed Combat
 12997 | Lair:2   | Found a gate leading to a gauntlet.
 13057 | Gauntlet | Entered a Gauntlet
 13057 | Gauntlet | Found a transporter.
 13058 | Gauntlet | Found a transporter.
 13066 | Gauntlet | Found a transporter.
 13069 | Gauntlet | Found a transporter.
 13069 | Gauntlet | Found a transporter.
 13072 | Gauntlet | Found a transporter.
 13092 | Gauntlet | Found a transporter.
 13137 | Gauntlet | Noticed a death yak
 13138 | Gauntlet | Noticed a death yak
 13138 | Gauntlet | Noticed a death yak
 13139 | Gauntlet | Found a transporter.
 13139 | Gauntlet | Noticed a death yak
 13139 | Gauntlet | Noticed a death yak
 13141 | Gauntlet | Found a transporter.
 13141 | Gauntlet | Found a transporter.
 13141 | Gauntlet | Noticed a death yak
 13151 | Gauntlet | Noticed a broodmother
 13153 | Gauntlet | Noticed a jorogumo
 13153 | Gauntlet | a broodmother changed into a jorogumo
 13156 | Gauntlet | Found a transporter.
 13158 | Gauntlet | Noticed a quicksilver ooze
 13158 | Gauntlet | a jorogumo changed into a quicksilver ooze
 13159 | Gauntlet | Noticed an entropy weaver
 13159 | Gauntlet | a quicksilver ooze changed into an entropy weaver
 13163 | Gauntlet | Noticed a storm dragon
 13163 | Gauntlet | an entropy weaver changed into a storm dragon
 13171 | Gauntlet | Found a transporter.
 13171 | Gauntlet | Noticed a quicksilver dragon
 13171 | Gauntlet | a storm dragon changed into a quicksilver dragon
 13172 | Gauntlet | Noticed a stone giant
 13172 | Gauntlet | a quicksilver dragon changed into a stone giant
 13175 | Gauntlet | Found a runed translucent door.
 13182 | Gauntlet | Found a transporter.
 13185 | Gauntlet | Noticed a blizzard demon
 13199 | Gauntlet | Found a transporter.
 13332 | Gauntlet | Identified the ring "Mun Gir" {rF+ rCorr Dex+2}
 13373 | Gauntlet | Killed a death yak
 13383 | Gauntlet | Killed a death yak
 13385 | Gauntlet | Killed a death yak
 13385 | Gauntlet | HP: 6/184 [death yak (9)]
 13387 | Gauntlet | Mangled by a death yak

Illustrated notes

Levels and vault maps discovered:
D:1:      dpeg_arrival_subterranean_lakeside_camping, layout_basic,
          serial_shops, nicolae_shop_advertising_works
          [nicolae_subvault_shop_adworks]
D:2:      layout_basic
D:3:      layout_loops_ring, nicolae_overflow_crystal_walls,
          gammafunk_temple_overflow_forgotten,
          mainiacjoe_overflow_six_doors_small,
          shapermc_ecumenical_altar_notcrosses
D:4:      layout_cave_pods, serial_shops, nicolae_diamond_shop, shop,
          uniq_grinder, uniq_sigmund
D:5:      layout_cave_pods, nicolae_elyvilon_temple_path, serial_column_ruins,
          column_ruins_hut_water, column_ruins_temple_circle,
          column_ruins_open_medium, column_ruins_grid_1,
          column_ruins_columns_straight, column_ruins_grid_3,
          uniq_prince_ribbit1
D:6:      layout_loops_corners, minmay_temple_entry_gardened_gates
D:7:      layout_rooms, uniq_pikel
D:8:      layout_basic, evilmike_ruin_ashenzari, minmay_lair_entry_grove
D:9:      cheibrodos_ideogram_h, layout_loops_corners, tgw_kikubaaqudgha,
          hangedman_abyss_or_decor_stabs, uniq_maggie
D:10:     lemuel_ice_spiral_2, layout_stronghold, orc_0_dummy
D:11:     layout_cave_pools
Temple:   nicolae_temple_two_arcs
Lair:1:   layout_long_grid, nicolae_volcano_entry_lava_flow, serial_rivers,
          chequers_serial_rivers_micro_b, chequers_serial_rivers_large_b,
          chequers_serial_rivers_micro_d, chequers_serial_rivers_room_b,
          chequers_serial_rivers_micro_e, basic_altar, serial_bayou_shore_b
Lair:2:   layout_concentric_octagons, hellmonk_spider_entry_not_the_bees,
          gauntlet_entry_generic
Gauntlet: gammafunk_gauntlet_mixed_choke_point
          [minmay_gauntlet_arena_77_squiggly,
          minmay_gauntlet_arena_77_checkered,
          minmay_gauntlet_arena_77_double_cross, nicolae_gauntlet_arena_blocks,
          minmay_gauntlet_arena_77_braids, minmay_gauntlet_arena_77_path,
          minmay_gauntlet_arena_77_fan, gauntlet_exit_green]

Skill      XL: |  1  2  3  4  5  6  7  8  9 10 11 12 |
---------------+-------------------------------------+-----
Shields        | 3 4 5 6 7 8 9 |  9.8
Unarmed Combat | 3 4 5 6 8 10 11 13 14 | 14.5
Fighting       | 3 4 5 6 7 8 9 |  9.0
Dodging        | 3 4 6 7 |  7.0

Action                   |  1- 3 |  4- 6 |  7- 9 | 10-12 || total
-------------------------+-------+-------+-------+-------++-------
Melee: Unarmed           |   117 |   187 |   238 |   549 ||  1091
       Whip              |       |       |       |     6 ||     6
Throw: Dart              |       |     3 |     3 |    14 ||    20
Invok: Lunge             |       |       |    13 |    44 ||    57
       Whirlwind         |       |       |     1 |    78 ||    79
Evoke: Wand              |       |       |       |     1 ||     1
  Use: Scroll            |       |     1 |     5 |    10 ||    16
       Potion            |       |       |       |     3 ||     3
 Stab: Invisible         |       |       |       |     1 ||     1
Armor: Robe              |    40 |    34 |    35 |    18 ||   127
       Swamp dragon scal |       |       |       |    67 ||    67
Dodge: Dodged            |    52 |    68 |    82 |   227 ||   429
Block: Kite shield       |    46 |    65 |    84 |   225 ||   420
